 Dungeon Crawl Stone Soup version 0.31-a0-115-g4708a659fe (webtiles) character file.

Game seed: 16264187849027603253

8 BlueFish the Charlatan (level 2, -1/23 HPs)
             Began as a Draconian Artificer on May 29, 2023.
             Slain by a gnoll
             ... wielding a +0 whip
              (8 damage)
             ... on level 1 of the Dungeon.
             The game lasted 00:00:21 (373 turns).

BlueFish the Charlatan (Draconian Artificer)         Turns: 373, Time: 00:00:22

Health: -1/23      AC:  4    Str: 14    XL:     2   Next: 0%
Magic:  2/2        EV: 12    Int: 11    God:
Gold:   23         SH:  0    Dex: 11    Spells: 1/1 levels left

rFire   . . .        a - +0 club
rCold   . . .        (no shield)
rNeg    . . .        (body armour unavailable)
rPois   .            (helmet restricted)
rElec   .            (no cloak)
rCorr   .            (no gloves)
SInv    .            (no boots)
Will    .....        (no amulet)
Stlth   ++           (no ring)
HPRegen 0.23/turn    (no ring)
MPRegen 0.08/turn

%: no passive effects
@: no status effects
A: AC +4, unfitting armour, cold-blooded
a: no special abilities


You were on level 1 of the Dungeon.
You visited 1 branch of the dungeon, and saw 1 of its levels.

You collected 23 gold pieces.

Inventory:

Hand Weapons
 a - a +0 club (weapon)
Wands
 b - a wand of flame (15) (quivered)
 c - a wand of charming (15)
 d - a wand of iceblast (5)
Scrolls
 f - a scroll of acquirement {unknown}
Potions
 e - 2 potions of curing {unknown}


   Skills:
 + Level 1.4 Fighting
 + Level 2.2 Dodging
 + Level 1.2 Stealth
 + Level 3.1 Evocations


You had one spell level left.
You didn't know any spells.
Your spell library was empty.

Dungeon Overview and Level Annotations

Branches:
Dungeon (1/15)

Altars:


Innate Abilities, Weirdness & Mutations

Your plain brown scales are hard. (AC +4)
You cannot fit into any form of body armour.
You are cold-blooded and may be slowed by cold attacks.


Message History

Found 7 gold pieces.
The goblin shouts!
The goblin moves out of view.
An endoplasm comes into view.
The endoplasm quivers.
The goblin barely misses you.
You see here 7 gold pieces.
You closely miss the goblin. The goblin barely misses you.
The goblin hits you with a +0 club.
You hit the goblin. You tail-slap the goblin.
You kill the goblin!
You hit the endoplasm. You punch the endoplasm.
You kill the endoplasm!
You have reached level 2!
f - a scroll labelled CYTWAMPENIM
Things that are here:
a +0 club; a goblin corpse You now have 7 gold pieces.
Things that are here:
a +0 club; a goblin corpse You now have 23 gold pieces (gained 16).
A gnoll comes into view. It is wielding a +0 whip.
The gnoll shouts!
The gnoll barely misses you.
You closely miss the gnoll.
Your tail-slap misses the gnoll.
The gnoll hits you with a +0 whip.
You barely miss the gnoll. The gnoll closely misses you.
An endoplasm comes into view.
The gnoll hits you with a +0 whip.
The endoplasm quivers.
You hit the gnoll but do no damage. You tail-slap the gnoll.
The gnoll is lightly wounded.
The gnoll closely misses you.
You hit the gnoll.
The gnoll is moderately wounded.
The gnoll hits you with a +0 whip.
You hit the gnoll.
The gnoll is heavily wounded.
The gnoll hits you with a +0 whip!
You die...

#...# #......
#...######......
#...##..........
..###...##..........
....................
..###...#######.##)#
#####............
...#####.............###
.....Jg@................
...#####....############
#......#### #....#....#
#### #....####.# #...
###### #.# #.##
#######.## #.#
#........# #.#
#........###.#


You could see a gnoll and an endoplasm.

Vanquished Creatures
  A bat (D:1)
  3 endoplasms (D:1)
  A goblin (D:1)
  A hobgoblin (D:1)
6 creatures vanquished.

Notes
Turn   | Place    | Note
-------+----------+-------------------------------------------
     0 | D:1      | BlueFish the Draconian Artificer began the quest for the
                  | Orb.
     0 | D:1      | Reached XP level 1. HP: 16/16 MP: 1/1
    94 | D:1      | Reached skill level 1 in Stealth
   252 | D:1      | Reached XP level 2. HP: 23/23 MP: 2/2
   373 | D:1      | Slain by a gnoll

Illustrated notes

Levels and vault maps discovered:
D:1:      ncdulo_lavacross, layout_basic

Skill      XL: |  1 |
---------------+----+-----
Stealth        | 1 |  1.2
Fighting       | |  1.4
Dodging        | |  2.2
Evocations     | |  3.1

Action                     || total
---------------------------++-------
  Melee: Club              ||    31
         Tailslap          ||     7
         Punch             ||     1
 Armour: Skin              ||     9
  Dodge: Dodged            ||    27

Table legend: (Time is in decaauts)
 A = Elapsed time spent in this place.
 B = Non-inter-level travel time spent in this place.
 C = Inter-level travel time spent in this place.
 D = Time resting spent in this place.
 E = Time spent auto-exploring this place.
 F = Levels seen in this place.
 G = Mean time per level.
                   A        B        C        D        E       F      G
               +--------+--------+--------+--------+--------+-----+--------+
         Total |    386 |    386 |      0 |      0 |    302 |   1 |  386.0 |
       Dungeon |    386 |    386 |      0 |      0 |    302 |   1 |  386.0 |
               +--------+--------+--------+--------+--------+-----+--------+

Top non-repeatable levels by time:
     D:1: 386 daAuts
